 Dungeon Crawl Stone Soup version 0.28-a0-1435-g82390b3a13 (webtiles) character file.

Game seed: 11162083146706199592

37 Lekart the Skirmisher (level 3, 0/29 HPs)
             Began as a Draconian Fighter on Jan 9, 2022.
             Was a Follower of Uskayaw.
             Slain by a gnoll (1 damage)
             ... on level 2 of the Dungeon.
             The game lasted 00:02:04 (1363 turns).

Lekart the Skirmisher (Draconian Fighter)           Turns: 1363, Time: 00:02:05

Health: 0/29       AC:  5    Str: 16      XL:     3   Next: 23%
Magic:  3/3        EV: 12    Int:  7 (8)  God:    Uskayaw [*.....]
Gold:   0          SH:  4    Dex: 12      Spells: 2/2 levels left

rFire   . . .      SeeInvis .   a - +0 long sword
rCold   . . .      Faith    .   b - +0 buckler
rNeg    . . .      Spirit   .   (armour unavailable)
rPois   .          Reflect  .   (helmet restricted)
rElec   .          Harm     .   (no cloak)
rCorr   .          Rampage  .   (no gloves)
Will    +....                   (no boots)
Stlth   +.........              (no amulet)
HPRegen 0.09/turn               (no ring)
MPRegen 0.08/turn               (no ring)

@: no status effects
A: AC +5, unfitting armour, cold-blooded, deterioration 1, frail 1,
strong-willed 1, weak 1
a: Renounce Religion, Stomp


You were on level 2 of the Dungeon.
You worshipped Uskayaw.
Uskayaw was noncommittal.
You visited 1 branch of the dungeon, and saw 2 of its levels.

Inventory:

Hand Weapons
 a - a +0 long sword (weapon)
Armour
 b - a +0 buckler (worn)
Scrolls
 d - a scroll of vulnerability {unknown}
Potions
 c - a potion of might


   Skills:
 * Level 3.9 Fighting
 + Level 2.5 Long Blades
 + Level 3.0 Dodging
 + Level 3.2 Shields


You had 2 spell levels left.
You didn't know any spells.
Your spell library was empty.

Dungeon Overview and Level Annotations

Branches:
Dungeon (2/15)

Altars:
Uskayaw


Innate Abilities, Weirdness & Mutations

Your plain brown scales are hard. (AC +5)
You cannot fit into any form of body armour.
You are cold-blooded and may be slowed by cold attacks.
Your body sometimes deteriorates upon taking damage.
You are frail. (-10% HP)
You are strong-willed. (Will+)
You are weak. (Str -2)


Message History

Partly explored, can't reach some items.
(D) Dungeon
Where to? (Enter - D:1 @ (x,y), ? - help)
There is a stone staircase leading down here.
You climb downwards.
Found a scroll labelled PEEVVU JUQOLIR.
There is a stone staircase leading up here.
No target in view!
d - a scroll labelled PEEVVU JUQOLIR No target in view! 2 gnolls come into view.
An orc comes into view. It is wielding a +0 whip.
The orc shouts!
The gnoll shouts! x2
There are monsters nearby!
The orc hits you with a +0 whip.
Your body deteriorates!
You feel dopey.
You completely miss the orc.
You tail-slap the orc, but do no damage.
The orc hits you with a +0 whip.
You slash the orc!
You kill the orc!
A gnoll comes into view. It is wielding a +0 halberd.
The gnoll hits you with a +0 spear. The gnoll hits you with a +0 flail.
The gnoll barely misses you. x2
The gnoll hits you from afar with a +0 spear.
You hit the gnoll.
The gnoll is moderately wounded.
The gnoll hits you with a +0 flail. The gnoll barely misses you.
You can now stomp with the beat.
You closely miss the gnoll.
You tail-slap the gnoll, but do no damage.
The gnoll is moderately wounded.
You block the gnoll's attack. x2
The gnoll hits you with a +0 flail.
* * * LOW HITPOINT WARNING * * *
Okay, then.
The gnoll barely misses you. The gnoll hits you with a +0 flail.
* * * LOW HITPOINT WARNING * * *
The gnoll hits you from afar with a +0 halberd.
You die...

#.# #.# #.# #.#. #.#
#.#.### #.# #.# ..#
#.####.# #)# #
#.##...###.##.###.
#.................
#####..g####.#######
#####....@.g......#
#..<..###..g####..#
#.########.## #..#
.. .........# #..#
## ########## #..#
...# ##.# .#


You could see 3 gnolls.

Vanquished Creatures
  A dart slug (D:1)
  An orc (D:2)
  6 ball pythons (D:1)
  3 endoplasms (D:1)
  2 giant cockroaches (D:1)
  2 goblins (D:1)
  2 hobgoblins (D:1)
  A quokka (D:1)
  5 bats (D:1)
  4 kobolds (D:1)
  6 rats (D:1)
33 creatures vanquished.

Notes
Turn   | Place    | Note
-------+----------+-------------------------------------------
     0 | D:1      | Lekart the Draconian Fighter began the quest for the Orb.
     0 | D:1      | Reached XP level 1. HP: 19/19 MP: 1/1
   393 | D:1      | Found a faded altar of an unknown god.
   503 | D:1      | Reached XP level 2. HP: 24/26 MP: 2/2
   962 | D:1      | Reached XP level 3. HP: 32/33 MP: 3/3
  1221 | D:1      | Gained mutation: You are weak. (Str -2) [potion of
                  | mutation]
  1221 | D:1      | Gained mutation: Your body sometimes deteriorates upon
                  | taking damage. [potion of mutation]
  1221 | D:1      | Gained mutation: You are frail. (-10% HP) [potion of
                  | mutation]
  1221 | D:1      | Gained mutation: You are strong-willed. (Will+) [potion of
                  | mutation]
  1245 | D:1      | Prayed at the altar of an unknown god.
  1245 | D:1      | Became a worshipper of Uskayaw the Reveller
  1245 | D:1      | Reached * piety under Uskayaw
  1362 | D:2      | HP: 1/29 [gnoll (4)]
  1363 | D:2      | Slain by a gnoll

Illustrated notes

Levels and vault maps discovered:
D:1:      grunt_arrival_lava_bath, layout_loops_ring, basic_ecumenical_altar
D:2:      layout_loops_ring

Skill      XL: |  1  2 |
---------------+-------+-----
Dodging        | 3 |  3.0
Fighting       | |  3.9
Long Blades    | |  2.5
Shields        | |  3.2

Action                   || total
-------------------------++-------
Melee: Long sword        ||    82
       Tailslap          ||     8
Invok: Stomp             ||     1
  Use: Potion            ||     3
 Stab: Sleeping          ||     1
Armor: Skin              ||    26
Dodge: Dodged            ||    75
Block: Buckler           ||    26

Table legend: (Time is in decaauts)
 A = Elapsed time spent in this place.
 B = Non-inter-level travel time spent in this place.
 C = Inter-level travel time spent in this place.
 D = Time resting spent in this place.
 E = Time spent auto-exploring this place.
 F = Levels seen in this place.
 G = Mean time per level.
                   A        B        C        D        E       F      G
               +--------+--------+--------+--------+--------+-----+--------+
         Total |   1375 |   1339 |     36 |    221 |    872 |   2 |  687.5 |
       Dungeon |   1375 |   1339 |     36 |    221 |    872 |   2 |  687.5 |
               +--------+--------+--------+--------+--------+-----+--------+

Top non-repeatable levels by time:
     D:1: 1328 daAuts
     D:2: 47 daAuts
